Map: Frost LE

Players

DJHelium - Winner!

  • Race: Terran Terran

Rezym

  • Race: Zerg Zerg
  • League: Diamond

VOD

Have the link to the VOD?

Description

Time

  • Played on: June 20, 2016, 4:56 a.m.
  • Length: 10:58
Show
View Real Time Build Order
Export as new Build Order

DJHelium Terran - Winner!

Build Orders: Reaper Expand 

Get SALT Encoding   

  12  0:01  SCV  
  13  0:14  SCV  
  14  0:17  Supply Depot  
  14  0:26  SCV  
  15  0:40  SCV, Barracks  
  16  0:46  Refinery  
  16  0:52  SCV  
  17  1:05  SCV  
  18  1:17  SCV  
  19  1:29  Orbital Command  
  19  1:30  Reaper  
  20  1:44  Command Center  
  20  1:55  SCV  
  20  1:59  Supply Depot  
  21  2:03  Barracks Reactor  
  21  2:07  SCV  
  22  2:10  Refinery  
  22  2:25  Factory  
  22  2:28  SCV  
  23  2:39  Marine x2  
  23  2:41  SCV  
  26  2:54  SCV  
  26  2:57  Marine x2  
  29  3:00  Orbital Command  
  29  3:11  Factory Reactor, Starport  
  29  3:13  SCV  
  29  3:16  Marine  
  29  3:17  Marine  
  32  3:25  SCV  
  33  3:31  SCV  
  34  3:37  SCV, Marine  
  34  3:38  Marine  
  37  3:45  SCV  
  38  3:49  SCV  
  38  3:52  Supply Depot  
  38  3:53  Supply Depot  
  39  4:00  Marine x2  
  39  4:01  Medivac x2  
  45  4:06  SCV  
  46  4:11  Supply Depot  
  46  4:13  SCV, Widow Mine  
  46  4:16  Liberator  
  49  4:17  Liberator, Supply Depot  
  49  4:18  SCV  
  49  4:23  Supply Depot  
  50  4:24  Supply Depot  
  50  4:25  SCV  
  50  4:26  Marine x2  
  50  4:30  SCV  
  54  4:37  SCV  
  61  4:44  Marine x2  
  63  4:46  Factory Tech Lab  
  63  4:49  SCV x2  
  65  4:57  Command Center  
  65  5:08  Marine x2  
  65  5:09  Siege Tank  
  65  5:10  SCV x2  
  65  5:11  Refinery  
  72  5:14  Refinery  
  72  5:21  Engineering Bay x2  
  72  5:41  Marine x2  
  72  5:42  Siege Tank  
  77  5:43  SCV, Viking  
  77  5:44  SCV  
  77  5:47  Supply Depot  
  78  5:59  Marine x2  
  78  6:08  Barracks  
  78  6:10  SCV x2, Barracks  
  78  6:11  Barracks  
  77  6:12  Barracks  
  76  6:22  Marine x2  
  76  6:23  Siege Tank  
  81  6:31  Orbital Command  
  78  6:36  SCV x2  
  78  6:39  Supply Depot x2, Starport Reactor  
  80  6:45  Terran Infantry Armor Level 1, Terran Infantry Weapons Level 1  
  79  6:48  SCV x2  
  84  7:05  Barracks Tech Lab  
  81  7:09  Barracks Reactor  
  81  7:11  Factory Tech Lab  
  81  7:14  SCV  
  81  7:15  SCV  
  83  7:18  Supply Depot  
  83  7:21  Supply Depot  
  83  7:24  Supply Depot  
  83  7:25  Stimpack, Combat Shields  
  83  7:26  Marine  
  83  7:27  Marine x3, Marauder x2  
  91  7:35  Medivac x2  
  95  7:44  Marine x2  
  95  7:45  Marine x2  
  95  7:48  Marauder x2  
  95  7:49  Orbital Command  
  98  7:52  Marine x2  
  98  7:56  Missile Turret  
  92  8:03  Marine x2  
  92  8:04  Marine x2  
  89  8:07  SCV x2  
  89  8:09  Marauder  
  89  8:10  Marine x2, Marauder  
  97  8:13  Siege Tank  
  97  8:14  Supply Depot  
  100  8:20  Armory  
  100  8:22  SCV  
  100  8:23  SCV x2  
  103  8:31  Marauder x2  
  107  8:35  SCV x2  
  107  8:36  SCV, Marine  
  107  8:37  Marine x5, Missile Turret  
  107  8:39  Medivac  
  118  8:42  Missile Turret  
  118  8:43  Medivac  
  118  8:47  SCV  
  118  8:48  SCV x2  
  123  8:49  Siege Tank  
  123  8:52  Marauder x2  
  130  8:59  SCV  
  130  9:00  SCV x2  
  133  9:04  Bunker  
  133  9:05  Marine, Supply Depot  
  133  9:06  Marine x5, Supply Depot  
  139  9:12  SCV x3  
  142  9:22  Concussive Shells  
  142  9:26  Marine x4, Marauder x2  
  142  9:27  Marine x2  
  152  9:32  Refinery  
  152  9:34  Supply Depot  
  152  9:39  Supply Depot  
  152  9:40  Supply Depot  
  152  9:42  Siege Tank  
  152  9:43  Medivac x2  
  159  9:58  Marine x4, Marauder x2  
  159  9:59  Marine x2  
  169  10:13  Medivac  
  169  10:14  Siege Tank  
  169  10:16  Marine x4  
  169  10:18  Supply Depot  
  169  10:19  Marauder  
  169  10:20  Marauder  
  169  10:21  Supply Depot  
  180  10:23  Supply Depot  
  180  10:32  Marine x2  
  180  10:34  Marine x4  
Show
View Real Time Build Order
Export as new Build Order

Rezym Zerg 

Build Orders: Hatch First 

Get SALT Encoding   

  12  0:00  Drone  
  13  0:13  Overlord  
  13  0:18  Drone  
  14  0:31  Drone x2  
  17  0:35  Drone  
  17  0:52  Hatchery  
  17  0:55  Drone  
  17  0:58  Drone  
  18  1:09  Extractor  
  17  1:13  Spawning Pool  
  17  1:17  Drone  
  17  1:20  Drone  
  18  1:29  Drone  
  19  1:41  Overlord  
  19  2:00  Queen  
  22  2:01  Zergling x4  
  22  2:03  Queen  
  22  2:05  Drone  
  26  2:13  Drone, Metabolic Boost  
  27  2:20  Drone  
  28  2:23  Drone  
  29  2:32  Drone  
  31  2:37  Drone  
  31  2:42  Drone  
  32  2:44  Drone  
  32  2:47  Drone  
  34  2:59  Drone  
  34  3:00  Hatchery, Drone  
  35  3:07  Overlord x2  
  35  3:13  Burrow  
  35  3:20  Roach Warren  
  34  3:33  Drone x5  
  34  3:34  Drone x2  
  41  3:43  Drone x2  
  41  3:44  Drone x4  
  41  3:45  Drone  
  48  3:50  Extractor  
  48  3:51  Drone, Extractor  
  47  3:59  Spore Crawler  
  47  4:02  Drone x2  
  48  4:03  Spore Crawler  
  47  4:10  Overlord  
  47  4:17  Overlord  
  47  4:25  Roach x5  
  47  4:28  Roach x3  
  63  4:31  Queen  
  63  4:36  Roach x2  
  69  4:39  Roach  
  69  4:42  Roach  
  73  4:45  Overlord  
  73  4:54  Lair  
  73  5:05  Overlord x2  
  73  5:24  Roach x4  
  73  5:27  Overlord x2  
  78  5:51  Roach  
  78  5:54  Roach x4  
  78  5:55  Roach x2  
  87  6:06  Roach x2  
  87  6:09  Roach, Zergling x2  
  90  6:21  Overlord x2  
  90  6:26  Ravager  
  90  6:27  Overlord  
  87  6:35  Roach x2  
  87  6:36  Zergling x2  
  87  6:37  Overlord  
  90  6:40  Glial Reconstitution  
  90  6:43  Ravager x5  
  90  6:45  Zergling x12  
  101  6:50  Zergling x8  
  105  6:59  Roach x2  
  105  7:01  Overseer x2, Zergling x2  
  110  7:03  Zergling x2  
  110  7:06  Zergling x2  
  112  7:10  Roach x3  
  112  7:12  Roach x2  
  112  7:14  Overlord  
  122  7:18  Overlord  
  122  7:33  Overlord, Roach x6  
  122  7:35  Ravager x2  
  96  7:55  Roach  
  96  7:56  Roach x5  
  79  8:00  Roach x4  
  79  8:03  Roach  
  78  8:06  Zergling x4  
  78  8:07  Zergling x2  
  78  8:08  Drone x2  
  78  8:09  Drone x2  
  78  8:12  Drone  
  86  8:14  Evolution Chamber  
  86  8:16  Drone  
  86  8:17  Extractor  
  86  8:18  Drone  
  86  8:22  Evolution Chamber  
  86  8:23  Drone  
  86  8:29  Drone x2  
  86  8:33  Drone  
  89  8:38  Drone  
  89  8:40  Drone  
  89  8:41  Drone x3  
  92  8:42  Drone x2  
  92  8:45  Drone  
  92  8:46  Drone  
  92  8:47  Ravager  
  92  8:48  Ravager  
  100  8:56  Drone x3  
  100  8:57  Zerg Missile Weapons Level 1  
  100  8:58  Spore Crawler  
  102  9:07  Drone x2  
  102  9:08  Drone, Queen  
  107  9:10  Overlord  
  107  9:15  Drone x3  
  110  9:17  Roach  
  110  9:20  Roach, Extractor  
  110  9:22  Extractor  
  114  9:24  Roach x2  
  114  9:26  Roach  
  114  9:29  Roach  
  120  9:36  Spine Crawler  
  119  9:38  Drone  
  119  9:39  Drone x5  
  119  9:41  Overlord  
  125  9:51  Roach x2  
  129  10:01  Roach  
  131  10:13  Hatchery  
  125  10:16  Ravager x5  
  125  10:17  Ravager x5  
  125  10:18  Zergling x4  
  125  10:19  Zergling x4  
  125  10:20  Overlord x2  
  136  10:31  Roach x3  
Tags
 
Add a new tag
Caveats
  • Supply blocks, unpowered buildings, or Contaminate may cause inaccurate times.
  • Supply counts are checked every 10 seconds.